 Dungeon Crawl Stone Soup version 0.20.1-1-g8b1a95d (webtiles) character file.

45 vatarom the Caller (level 3, -2/19 HPs)
             Began as a Tengu Summoner on Sept 6, 2017.
             Slain by an iguana (7 damage)
             ... on level 5 of the Dungeon.
             The game lasted 00:12:35 (3002 turns).

vatarom the Caller (Tengu Summoner)                 Turns: 3002, Time: 00:12:35

Health: -2/19      AC:  2    Str:  6 (8)  XL:     3   Next: 64%
Magic:  2/7        EV: 14    Int: 14 (18) God:
Gold:   100        SH:  0    Dex:  8 (14) Spells: 0/6 levels left

rFire    x . .     SeeInvis .   k - +0 dagger (venom)
rCold    + . .     Gourm    .   (no shield)
rNeg     . . .     Faith    .   a - +0 robe
rPois    +         Spirit   .   (helmet restricted)
rElec    .         Reflect  .   (no cloak)
rCorr    .         Harm     .   (no gloves)
MR       .....                  (boots unavailable)
Stlth    ++........             (no amulet)
Regen    0.1/turn               i - ring of ice
MPRegen  0.1/turn               (no ring)

@: no status effects
A: beak, talons 3, repulsion field 1, clever 1, deterioration 1, poison
resistance
a: no special abilities


You were on level 5 of the Dungeon.
You were not hungry.

You visited 1 branch of the dungeon, and saw 4 of its levels.

You collected 100 gold pieces.

Inventory:

Hand Weapons
 k - a +0 dagger of venom (weapon)
Armour
 a - a +0 robe (worn)
Jewellery
 i - a ring of ice (left hand)
Scrolls
 f - a scroll of immolation
 h - 2 scrolls of identify
Potions
 d - a potion of resistance
 m - a potion of haste
Books
 b - a book of Callings

   Spells                             Type                      Level
   a - Summon Small Mammal            Summoning                    1
   b - Call Imp                       Summoning                    2
   c - Call Canine Familiar           Summoning                    3
   d - Summon Guardian Golem          Hexes/Summoning              3
   e - Summon Lightning Spire         Summoning/Air                4
   f - Summon Ice Beast               Ice/Summoning                4
Comestibles
 c - 2 bread rations
 g - a fruit
 j - 2 meat rations


   Skills:
 - Level 2.1 Dodging
 - Level 2.0 Stealth
 * Level 2.2 Spellcasting
 + Level 6.1 Summonings


You couldn't memorise any spells.
You knew the following spells:

 Your Spells              Type           Power        Failure   Level  Hunger
a - Summon Small Mammal   Summ           ###.         1%          1    #......
b - Call Imp              Summ           ###.....     2%          2    ###....
c - Call Canine Familiar  Summ           ###.....     5%          3    ###....


Dungeon Overview and Level Annotations

Branches:
Dungeon (3/15)

Altars:
Nemelex Xobeh


Innate Abilities, Weirdness & Mutations

You have a beak for a mouth.
You have claws for feet.
You are surrounded by a mild repulsion field. (EV +2)
Your mind is acute. (Int +2)
Your body sometimes deteriorates upon taking damage.
Your system is resistant to poisons. (rPois)


Message History

You don't have enough magic to cast that spell.
Your hound bites the iguana but does no damage.
Found a stone staircase leading up.
Your crimson imp hits the iguana but does no damage.
Your hound closely misses the iguana.
Your crimson imp completely misses the iguana.
What are your orders? t - Shout!
Orders for allies: a - Attack new target. r - Retreat! s - Stop attacking. g - Guard the area. f - Follow me.
Anything else - Cancel.
Gang up on whom?
Press: ? - help, Dir - move target cursor, f - iguana
Aim: an iguana (moderately wounded) Attack!
Your hound bites the iguana but does no damage.
Found a stone staircase leading down.
Your hound bites the iguana.
The iguana bites you!
You die...

...>. #.#..
#.#.# #.#<..#
# #.#.#.# #
#.#.#.#.#.#
#.#.#.#.#$#
#..@......#
###...l.....#
.......h5....#
####.........#
#.###..⌠.⌠#.#
#. #..._...#
#. #..⌠.⌠...
.. #..#..###
........#


You could see an iguana, a friendly hound and a friendly crimson imp.

Vanquished Creatures
  A leopard gecko (D:1)
  A goblin (D:2)
  A bat (D:3)
  A kobold (D:1)
4 creatures vanquished.

Vanquished Creatures (collateral kills)
  4 dart slugs
  A leopard gecko (D:2)
  2 ball pythons
  2 giant cockroaches
  12 goblins
  5 hobgoblins
  2 jackals (D:2)
  2 kobolds (D:1)
  2 quokkas (D:2)
  8 bats
  5 frilled lizards
  9 rats
54 creatures vanquished.

Grand Total: 58 creatures vanquished

Notes
Turn   | Place    | Note
-------+----------+-------------------------------------------
     0 | D:1      | vatarom the Tengu Summoner began the quest for the Orb.
     0 | D:1      | Reached XP level 1. HP: 10/10 MP: 4/4
   145 | D:1      | Reached skill level 5 in Summonings
   425 | D:1      | Reached XP level 2. HP: 15/15 MP: 4/6
   502 | D:1      | Learned a level 2 spell: Call Imp
   659 | D:1      | Gained mutation: You are surrounded by a mild repulsion field. (EV +2) [potion of mutation]
   659 | D:1      | Gained mutation: Your body sometimes deteriorates upon taking damage. [potion of mutation]
   659 | D:1      | Gained mutation: Your system is resistant to poisons. (rPois) [potion of mutation]
   659 | D:1      | Gained mutation: Your mind is acute. (Int +2) [potion of mutation]
  1450 | D:2      | Found a faded altar of an unknown god.
  1564 | D:2      | Reached XP level 3. HP: 19/19 MP: 4/7
  1569 | D:2      | Learned a level 3 spell: Call Canine Familiar
  1753 | D:2      | Reached skill level 6 in Summonings
  2991 | D:3      | You fall through a shaft for 2 floors!
  2991 | D:5      | Entered Level 5 of the Dungeon
  2991 | D:5      | Found a sparkling altar of Nemelex Xobeh.
  3002 | D:5      | Slain by an iguana

Skill      XL: |  1  2  3 |
---------------+----------+-----
Summonings     | 5 6 |  6.1
Dodging        | |  2.1
Stealth        | |  2.0
Spellcasting   | |  2.2

Action                   || total
-------------------------++-------
Melee: Unarmed           ||    15
       Kick              ||     2
       Peck              ||     1
       Dagger            ||     1
 Cast: Summon Small Mamm ||    20
       Call Imp          ||    35
       Call Canine Famil ||     7
  Use: Scroll            ||     7
       Potion            ||     8
  Eat: Chunk             ||     5
       Fruit             ||     2
       Bread ration      ||     1
Armor: Robe              ||     4
Dodge: Dodged            ||    40
